 Dungeon Crawl Stone Soup version 0.26.1-2-gb8aa6d0cf2 (webtiles) character file.

Game seed: 3585227047116834101

112445 OdinFK the Stormcaller (level 16, -11/101 (106) HPs)
             Began as a Tengu Air Elementalist on Feb 9, 2021.
             Was an Initiate of Gozag.
             Mangled by a jumping spider (21 damage)
             ... on level 3 of the Lair of Beasts on Feb 10, 2021.
             The game lasted 03:24:51 (27955 turns).

OdinFK the Stormcaller (Tengu Air Elementalist)    Turns: 27955, Time: 03:24:51

HP:   -11/101 (106) AC: 16    Str: 18    XL:     16   Next: 60%
MP:   26/26         EV: 11    Int: 21    God:    Gozag
Gold: 3935          SH:  0    Dex: 14    Spells: 7/27 levels left

rFire    + . .     SeeInvis .   a - staff of air
rCold    + + .     Faith    .   b - +2 kite shield {rN+}
rNeg     + + .     Spirit   .   k - +2 robe {rC+ rF+}
rPois    +         Reflect  .   C - +2 hat
rElec    +         Harm     .   v - +2 cloak {rPois}
rCorr    .         Rampage  .   s - +2 pair of gloves {Str+3}
Will     +....                  (boots unavailable)
Stlth    ++........             K - amulet of regeneration
HPRegen  0.66/turn              P - +4 ring of protection
MPRegen  0.20/turn              Q - ring "Hugrautz" {+Inv rElec rC+ rN+ Str+4}

@: gold aura, berserk cooldown, flying quickly and evasively, very slightly
contaminated, held, slowed, lightly drained, very slow
A: beak, talons 3, blurry vision 1, able to fly
a: Stop Flying, Renounce Religion, Evoke Invisibility, Potion Petition, Call
Merchant, Bribe Branch


You were on level 3 of the Lair of Beasts.
You worshipped Gozag.
Gozag was most pleased with you.
You visited 5 branches of the dungeon, and saw 25 of its levels.
You also visited: Ossuary, Gauntlet and Ice Cave.

You collected 11163 gold pieces.
You spent 4223 gold pieces at shops.
You paid 3005 gold pieces to Gozag.

Inventory:

Hand Weapons
 D - a +4 morningstar
 V - a +0 demon blade of venom
Missiles
 j - 88 poisoned darts (quivered)
 X - 2 curare-tipped darts
Armour
 b - a +2 kite shield of positive energy (worn)
 k - a +2 robe of resistance (worn)
 o - a +1 leather armour of willpower
 s - a +2 pair of gloves of strength (worn)
 v - a +2 cloak of poison resistance (worn)
 C - a +2 hat (worn)
Magical Staves
 a - an uncursed staff of air (weapon)
Jewellery
 y - the ring "Lahuix" {+Inv rF+ rC++}
   (You acquired it on level 2 of the Orcish Mines)

   [ring of protection from fire]

   It protects you from fire.
   It greatly protects you from cold.
   It lets you turn invisible.
 B - an uncursed ring of resist corrosion
 K - an amulet of regeneration (around neck)
 O - an uncursed ring of willpower
 P - a +4 ring of protection (left hand)
 Q - the ring "Hugrautz" (right hand) {+Inv rElec rC+ rN+ Str+4}
   (You took it off an orc priest on level 12 of the Dungeon)

   [ring of positive energy]

   It affects your strength (+4).
   It protects you from cold.
   It insulates you from electricity.
   It protects you from negative energy.
   It lets you turn invisible.
Wands
 f - a wand of digging (6)
 g - a wand of enslavement (4)
 q - a wand of paralysis (14)
 F - a wand of iceblast (5)
 L - a wand of flame (26)
 Z - a wand of disintegration (11)
Scrolls
 n - 2 scrolls of silence
 t - 9 scrolls of teleportation
 u - 14 scrolls of remove curse
 x - 2 scrolls of blinking
 z - 6 scrolls of fog
 E - 3 scrolls of immolation
 M - 2 scrolls of magic mapping
 R - a scroll of vulnerability {unknown}
 T - 2 scrolls of summoning
Potions
 c - 4 potions of curing
 d - 2 potions of lignification
 h - 4 potions of haste
 i - 4 potions of heal wounds
 m - 2 potions of magic
 p - a potion of invisibility {unknown}
 r - 3 potions of resistance
 I - 2 potions of cancellation
 J - 3 potions of brilliance
 W - 2 potions of ambrosia
Miscellaneous
 l - a phantom mirror
 G - a box of beasts
 S - a phial of floods
 Y - a tin of tremorstones (inert)


   Skills:
 + Level 14.0 Fighting
 + Level 5.2 Staves
 - Level 3.0 Throwing
 - Level 2.0 Armour
 + Level 11.5 Dodging
 - Level 2.0 Stealth
 + Level 6.6 Shields
 - Level 6.0 Spellcasting
 + Level 15.8 Conjurations
 - Level 4.0 Summonings
 + Level 17.7 Air Magic
 + Level 8.4 Evocations


You had 7 spell levels left.
You knew the following spells:

 Your Spells              Type           Power        Failure   Level
a - Summon Lightning Spi  Summ/Air       67%          3%          4
b - Orb of Destruction    Conj           32%          34%         7
c - Airstrike             Air            44%          1%          4
d - Lightning Bolt        Conj/Air       43%          1%          5

Your spell library contained the following spells:

 Spells                   Type           Power        Failure   Level
 Foxfire                  Conj/Fire      100%         1%          1
 Shock                    Conj/Air       100%         1%          1
 Swiftness                Air            88%          1%          2
 Static Discharge         Conj/Air       86%          1%          3
 Iskenderun's Battlesphe  Conj           64%          1%          5
 Conjure Flame            Conj/Fire      39%          3%          3
 Summon Small Mammal      Summ           92%          5%          1
 Call Imp                 Summ           23%          9%          2
 Sticky Flame             Conj/Fire      39%          11%         4
 Call Canine Familiar     Summ           23%          16%         3
 Silence                  Hex/Air        30%          21%         5
 Animate Skeleton         Necr           12%          28%         1
 Pain                     Necr           24%          28%         1
 Fireball                 Conj/Fire      19%          30%         5
 Summon Guardian Golem    Hex/Summ       14%          36%         3
 Inner Flame              Hex/Fire       6%           63%         3
 Vampiric Draining        Necr           3%           63%         3
 Bolt of Magma            Conj/Fire/Erth 14%          65%         5
 Summon Ice Beast         Ice/Summ       14%          77%         4
 Iron Shot                Conj/Erth      19%          86%         6
 Animate Dead             Necr           3%           95%         4
 Cause Fear               Hex            3%           95%         4
 Spellforged Servitor     Conj/Summ      24%          99%         7
 Agony                    Necr           6%           100%        5
 Yara's Violent Unravell  Hex/Tmut       3%           100%        5
 Discord                  Hex            3%           100%        8


Dungeon Overview and Level Annotations

Branches:
Dungeon (15/15)            Temple (1/1) D:7            Lair (6/6) D:8
 Shoals (0/4) Lair:2       Spider (1/4) Lair:3        Slime (0/5) Lair:5
    Orc (2/2) D:9             Elf (0/3) Orc:2        Vaults (0/5) D:14
 Depths (0/5) D:15        Ossuary (visited)           IceCv (visited)
Gauntlet (visited)

Altars:
Dithmenos
Fedhas
Gozag
Hepliaklqana
Nemelex Xobeh
Okawaru
Ru
Sif Muna
Trog
Uskayaw
Wu Jian
Xom
Zin
The Shining One
Beogh
Jiyva

Shops:
D:8 [*   D:14 }   Orc:2 [::??

Annotations:
D:9 Gastronok
Lair:5 exclusion: 2 oklob plants


Innate Abilities, Weirdness & Mutations

You have a beak for a mouth.
You have claws for feet.
You can fly continuously.
Scrolls take you a little longer to read.


Message History

You see here 6 gold pieces.
You feel a strong urge to attack something.
You block the jumping spider's attack. The jumping spider bites you.
You feel your anger nearly subside.
You are no longer berserk.
You are exhausted.
You feel yourself slow down.
The wolf spider is no longer distracted by gold.
Really read with blurry vision while enemies are nearby?
The wolf spider rages.
The jumping spider pounces on you!
You are caught in a web!
The jumping spider barely misses you. The jumping spider pounces on you!!
* * * LOW HITPOINT WARNING * * *
The jumping spider bites you but does no damage.
You begin reading the scroll.
You continue reading the scroll.
The jumping spider pounces on you but does no damage.
The jumping spider bites you.
* * * LOW HITPOINT WARNING * * *
The jumping spider pounces on you!!
You die...
Your body crumbles into a pile of gold.

.........[....#..≈≈≈.≈≈≈...#.####
#.##..#...##..P.≈.≈≈.≈≈.≈P..##
###P..#.....)...≈≈.≈.≈.≈≈≈.##
##............≈≈≈...≈≈≈..P#
#.#.(P[.....P...$>....#.######
##.##.........≈≈≈$$.≈≈≈.......#
###.>...........≈≈.≈.≈.≈≈≈#####.#
..#......###..##ys≈≈.≈≈.≈≈# #..
...#.#..####.#..@s≈≈.≈≈≈.## ###.#
...#....#.......#..###P.## #.P..
...............##..# #.(#####..(.
..#....######..###.# ##.P#.##....
.......# ##.# #.# #..........
..#..#.## ##.# #.###.#.##......
#.##.P.P# ##..###..# ## ##.....
.###...#####....##.## #.#...
.............^......#### ##...#


You could see a wolf spider (berserk), a moth of wrath and a jumping spider
(berserk).

Vanquished Creatures
  Frances (D:14)
  A dire elephant (Lair:6)
  A fire dragon (Lair:6)
  4 boulder beetles
  14 hydras
  2 ice dragons (IceCv)
  3 vault guards (D:14)
  3 catoblepae (Lair:6)
  5 centaur warriors
  2 two-headed ogres (D:15)
  3 death yaks (Lair:6)
  6 tengu warriors
  An ogre mage (D:15)
  2 orc high priests (Orc:2)
  An unseen horror (D:13)
  A glowing orange brain (D:15)
  A wizard (D:15)
  A swamp dragon (Lair:6)
  2 lindwurms (Lair:6)
  2 wolf spiders
  4 orc knights
  2 manticores (Lair:6)
  2 orc sorcerers
  2 cyclopes
  A harpy (shapeshifter) (D:15)
  12 ugly things
  Maurice (D:9)
  9 elephants
  4 black mambas
  Joseph (D:9)
  11 cane toads
  2 gargoyles
  2 centaur skeletons
  2 efreet
  9 rime drakes
  A komodo dragon (shapeshifter) (D:15)
  A demonic crawler (Lair:3)
  8 komodo dragons
  3 kobold demonologists
  A jumping spider (Spider:1)
  A tengu conjurer (D:15)
  A queen bee (D:9)
  5 trolls
  3 polar bears
  3 meliai (Gauntlet)
  20 blink frogs
  5 hornets
  13 dream sheep
  A meliai zombie (D:15)
  2 slime creatures
  4 redbacks (Lair:3)
  2 tarantellas (Lair:3)
  2 shadows
  2 wraiths
  A vampire (D:14)
  4 humans (D:14)
  2 wyverns
  8 basilisks
  A water elemental (D:13)
  67 yaks
  3 steam dragons (Lair:6)
  2 wargs (Orc:1)
  Menkaure (Ossuary)
  3 swamp worms (Gauntlet)
  A soldier ant (D:12)
  3 acid dragons
  18 water moccasins
  A swamp drake (Lair:6)
  22 orc warriors
  18 ice beasts
  5 sky beasts
  10 ogres
  3 eyes of draining
  A necrophage (D:12)
  A phantom (D:12)
  22 wolves
  18 centaurs
  3 big kobolds
  A gnoll sergeant (D:13)
  16 bullfrogs
  A wyvern zombie (D:9)
  A wyvern skeleton (D:11)
  2 scorpions
  A water moccasin skeleton (D:5)
  7 killer bees
  10 wights
  3 electric eels
  4 howler monkeys
  2 bullfrog zombies
  A quasit (D:11)
  4 jellies
  18 orc wizards
  Crazy Yiuf (D:4)
  6 bullfrog skeletons
  2 hounds
  23 orc priests
  A gnoll shaman (D:7)
  3 iguanas
  9 worker ants
  A hell rat (Lair:6)
  A killer bee zombie (D:5)
  A hound skeleton (D:4)
  3 mummies (Ossuary)
  9 gnolls
  14 adders
  5 shadow imps
  3 white imps
  An ufetubus (D:7)
  3 worms
  A dart slug (D:1)
  4 leopard geckos
  83 orcs
  9 bats
  6 giant cockroaches
  9 goblins
  4 hobgoblins
  19 kobolds
  7 quokkas
  7 frilled lizards
  2 gnoll skeletons (Ossuary)
  4 gnoll zombies (Ossuary)
  2 goblin skeletons (Ossuary)
  6 goblin zombies (Ossuary)
  6 hobgoblin skeletons (Ossuary)
  6 hobgoblin zombies (Ossuary)
  7 kobold skeletons (Ossuary)
  3 kobold zombies (Ossuary)
  3 orc skeletons (Ossuary)
  2 orc zombies (Ossuary)
  A quokka skeleton (D:4)
  A rat (D:2)
  3 rat skeletons (Ossuary)
  3 rat zombies (Ossuary)
771 creatures vanquished.

Vanquished Creatures (collateral kills)
  Rupert (D:12)
  An orc warlord (Orc:2)
  4 vault guards (D:14)
  The ghost of mojasp the Spear-Bearer, a journeyman MfGl of Yredelemnul (D:9)
  2 hydras (D:14)
  A centaur warrior (D:15)
  A two-headed ogre (D:14)
  4 orc high priests (Orc:2)
  A deep elf knight (D:15)
  3 orc knights
  8 ugly things (D:15)
  A cyclops (D:14)
  2 orb spiders (Spider:1)
  A kobold demonologist (D:15)
  A troll (D:15)
  8 slime creatures
  A shadow (D:15)
  A vampire (D:14)
  A wraith (D:13)
  A soldier ant (D:14)
  22 orc warriors
  7 centaurs
  A boggart (shapeshifter) (D:15)
  2 ogres (Orc:2)
  A big kobold (D:15)
  A bullfrog (D:15)
  3 killer bees (D:9)
  4 wights (D:13)
  A howler monkey (D:13)
  7 orc priests (Orc:2)
  3 orc wizards (Orc:2)
  A worker ant (D:13)
  10 orcs
  4 kobolds
111 creatures vanquished.

Vanquished Creatures (others)
  A basilisk (Lair:1)
  A human (D:14)
  A centaur (D:15)
  An iguana (Lair:6)
  2 gnoll skeletons (Ossuary)
  A hobgoblin zombie (Ossuary)
  54 fungi
  91 plants
  A withered plant (Gauntlet)
153 creatures vanquished.

Grand Total: 1035 creatures vanquished

Notes
Turn   | Place    | Note
-------+----------+-------------------------------------------
     0 | D:1      | OdinFK the Tengu Air Elementalist began the quest for the
                  | Orb.
     0 | D:1      | Reached XP level 1. HP: 10/10 MP: 4/4
   293 | D:1      | Reached XP level 2. HP: 16/16 MP: 1/6
   602 | D:1      | Reached skill level 1 in Fighting
   811 | D:2      | Reached XP level 3. HP: 18/20 MP: 3/7
   985 | D:2      | Learned a level 3 spell: Static Discharge
  1169 | D:2      | Reached XP level 4. HP: 21/25 MP: 4/8
  1694 | D:3      | Reached skill level 5 in Air Magic
  2363 | D:4      | Gained mutation: You can fly continuously. [Tengu growth]
  2363 | D:4      | Reached XP level 5. HP: 32/32 MP: 2/9
  2673 | D:4      | Found a bloodstained altar of Trog.
  2807 | D:4      | Reached XP level 6. HP: 22/37 MP: 3/10
  3067 | D:4      | Found a runed translucent door.
  3365 | D:4      | Noticed Crazy Yiuf
  3374 | D:4      | Killed Crazy Yiuf
  3411 | D:5      | Entered Level 5 of the Dungeon
  3411 | D:5      | Noticed a sky beast
  3460 | D:5      | Learned a level 4 spell: Airstrike
  3598 | D:5      | Reached skill level 5 in Conjurations
  3598 | D:5      | Reached skill level 6 in Air Magic
  3699 | D:5      | Reached XP level 7. HP: 36/43 MP: 2/11
  4230 | D:5      | Reached skill level 5 in Fighting
  4344 | D:5      | Found a glowing golden altar of the Shining One.
  4351 | D:5      | Found a hide-covered altar of Uskayaw.
  4612 | D:6      | Reached skill level 7 in Air Magic
  4819 | D:6      | Reached XP level 8. HP: 50/50 MP: 1/12
  5076 | D:7      | Found a hide-covered altar of Uskayaw.
  5085 | D:7      | Found a sand-covered staircase.
  5092 | Ossuary  | Entered an ossuary
  5459 | Ossuary  | Noticed Menkaure
  5468 | Ossuary  | Killed Menkaure
  5469 | Ossuary  | Reached skill level 8 in Air Magic
  6122 | D:7      | Found a shadowy altar of Dithmenos.
  6371 | D:7      | Found a staircase to the Ecumenical Temple.
  6381 | D:7      | Reached XP level 9. HP: 40/57 MP: 13/13
  6423 | Temple   | Entered the Ecumenical Temple
  6462 | Temple   | Became a worshipper of Gozag Ym Sagoz the Greedy
  6559 | D:8      | Found a staircase to the Lair.
  6622 | D:8      | Reached skill level 9 in Air Magic
  6684 | D:8      | Found a sparkling altar of Nemelex Xobeh.
  7192 | D:9      | Noticed Maurice
  7214 | D:9      | Killed Maurice
  7215 | D:9      | Reached skill level 10 in Air Magic
  7320 | D:9      | Noticed Joseph
  7741 | D:9      | Found a roughly hewn altar of Beogh.
  7771 | D:9      | Found a staircase to the Orcish Mines.
  7894 | D:9      | Learned a level 5 spell: Lightning Bolt
  7963 | D:9      | Noticed Gastronok
  8041 | D:9      | Reached XP level 10. HP: 44/65 MP: 6/15
  8084 | D:9      | Reached skill level 5 in Dodging
  8272 | D:9      | Found a transporter.
  8274 | D:9      | Found a transporter.
  8274 | D:9      | Noticed mojasp's ghost (journeyman MfGl)
  8391 | D:10     | Entered Level 10 of the Dungeon
  8397 | D:10     | Got a clouded bone amulet
  8408 | D:10     | Identified the amulet of Fioll {Inacc +Inv rF- Will++
                  | Stlth+} (You found it on level 10 of the Dungeon)
  8592 | D:10     | Reached skill level 11 in Air Magic
  8875 | D:11     | Noticed a boulder beetle
  8938 | D:11     | Noticed a cyan ugly thing
  9068 | D:11     | Noticed a gargoyle
  9074 | D:11     | Killed a gargoyle
  9075 | D:11     | Reached skill level 1 in Evocations
  9255 | D:11     | Reached skill level 12 in Air Magic
  9292 | D:11     | Noticed a boulder beetle
  9310 | D:11     | Killed a boulder beetle
  9311 | D:11     | Reached skill level 10 in Fighting
  9415 | D:11     | Reached XP level 11. HP: 67/72 MP: 12/16
  9748 | D:11     | Reached skill level 10 in Conjurations
  9902 | D:11     | Noticed a centaur warrior
 10034 | D:8      | Bought a +0 pair of gloves of strength for 172 gold pieces
 10054 | Lair:1   | Entered Level 1 of the Lair of Beasts
 10079 | Lair:1   | Found a frozen archway.
 10095 | Lair:1   | Noticed an eight-headed hydra
 10127 | IceCv    | Entered an ice cave
 10585 | IceCv    | Noticed an ice dragon
 10586 | IceCv    | Noticed an ice dragon
 10651 | IceCv    | Killed an ice dragon
 10817 | IceCv    | Killed an ice dragon
 10818 | IceCv    | Reached skill level 13 in Air Magic
 10861 | IceCv    | Got a steaming jade ring
 11134 | Lair:1   | Killed an eight-headed hydra
 11135 | Lair:1   | Reached XP level 12. HP: 80/80 MP: 2/17
 11406 | Lair:1   | Reached skill level 14 in Air Magic
 11414 | Lair:1   | Identified the cursed ring of Oddur {rF+ Str-4} (You found
                  | it in an ice cave)
 11901 | Lair:2   | Found a gate leading to a gauntlet.
 12058 | Gauntlet | Entered a Gauntlet
 12058 | Gauntlet | Found a transporter.
 12067 | Gauntlet | Found a transporter.
 12069 | Gauntlet | Noticed a death ooze
 12070 | Gauntlet | Found a transporter.
 12084 | Gauntlet | Noticed a death scarab
 12086 | Gauntlet | Found a transporter.
 12088 | Gauntlet | Found a transporter.
 12099 | Gauntlet | Found a transporter.
 12112 | Gauntlet | Found a transporter.
 12119 | Gauntlet | Found a transporter.
 12120 | Gauntlet | Noticed a dire elephant
 12139 | Gauntlet | Found a transporter.
 12146 | Gauntlet | Found a transporter.
 12154 | Gauntlet | Found a transporter.
 12157 | Gauntlet | Found a transporter.
 12198 | Gauntlet | Found a runed translucent gate.
 12199 | Gauntlet | Found a transporter.
 12199 | Gauntlet | Found a runed translucent gate.
 12200 | Gauntlet | Found a runed translucent gate.
 12203 | Gauntlet | Found a transporter.
 12470 | Gauntlet | Noticed a minotaur
 12520 | Lair:2   | Found a staircase to the Shoals.
 12915 | Lair:2   | Noticed a seven-headed hydra
 12916 | Lair:2   | Noticed a four-headed hydra
 12928 | Lair:2   | Killed a seven-headed hydra
 12987 | Lair:2   | Killed a four-headed hydra
 12988 | Lair:2   | Reached skill level 1 in Throwing
 13120 | Lair:2   | Found a shimmering altar of Xom.
 13421 | Lair:3   | Noticed an eight-headed hydra
 13424 | Lair:3   | Noticed a six-headed hydra
 13462 | Lair:3   | Killed an eight-headed hydra
 13617 | Lair:3   | Found a hole to the Spider Nest.
 13695 | Lair:3   | Noticed a five-headed hydra
 13862 | Lair:3   | Killed a seven-headed hydra
 13863 | Lair:3   | Reached skill level 5 in Evocations
 13863 | Lair:3   | Reached XP level 13. HP: 84/84 MP: 0/20
 13955 | Lair:3   | Reached skill level 15 in Air Magic
 14415 | Lair:4   | Reached skill level 1 in Shields
 14538 | Lair:4   | Got a polished chain mail
 16040 | Lair:5   | You are sucked into a shaft and drop 1 floor!
 16040 | Lair:6   | Entered Level 6 of the Lair of Beasts
 16337 | Lair:5   | Reached XP level 14. HP: 92/92 MP: 3/21
 16382 | Lair:5   | Found a viscous altar of Jiyva.
 16382 | Lair:5   | Found a staircase to the Slime Pits.
 17431 | Lair:6   | Learned a level 4 spell: Summon Lightning Spire
 17505 | Lair:6   | Identified the +1 chain mail of the Vaults {Int+2} (You
                  | found it on level 4 of the Lair of Beasts)
 17548 | Lair:6   | Reached skill level 1 in Armour
 17548 | Lair:6   | Reached skill level 10 in Dodging
 17795 | Lair:6   | Reached skill level 1 in Summonings
 18261 | Lair:6   | Reached skill level 5 in Shields
 18767 | Lair:6   | Noticed a dire elephant
 18816 | Lair:6   | Killed a dire elephant
 18817 | Lair:6   | Reached skill level 16 in Air Magic
 18882 | Lair:6   | Got a tattered robe
 18893 | Lair:6   | Identified the +2 robe of Ethics {Rampage} (You found it on
                  | level 6 of the Lair of Beasts)
 19760 | D:8      | Bought a runed buckler for 210 gold pieces
 19788 | D:9      | Killed Joseph
 20023 | D:9      | Killed mojasp's ghost
 20112 | Orc:1    | Entered Level 1 of the Orcish Mines
 20503 | Orc:2    | Entered Level 2 of the Orcish Mines
 20624 | Orc:2    | Reached XP level 15. HP: 94/98 MP: 1/22
 20660 | Orc:2    | Found Ujim Harchad's Antique Armour Boutique.
 20668 | Orc:2    | Bought a fine ring mail for 342 gold pieces
 20678 | Orc:2    | Identified the cursed +1 ring mail "Gotacuuw" {Rampage rC-
                  | Str+4} (You bought it in a shop on level 2 of the Orcish
                  | Mines)
 20970 | Orc:2    | Found a staircase to the Elven Halls.
 21763 | Orc:2    | Reached skill level 15 in Conjurations
 21896 | Orc:2    | Noticed an orc warlord
 22064 | Orc:2    | Reached skill level 5 in Spellcasting
 22208 | Orc:2    | Killed an orc warlord
 22288 | Orc:2    | Found Jeky's Book Emporium.
 22288 | Orc:2    | Found Efoixt's Book Emporium.
 22289 | Orc:2    | Found Semirphen's Magic Scroll Emporium.
 22289 | Orc:2    | Found Teifoisk's Magic Scroll Shoppe.
 22303 | Orc:2    | Bought a book of Power for 540 gold pieces
 22311 | Orc:2    | Learned a level 7 spell: Orb of Destruction
 22312 | Orc:2    | Bought a scroll of acquirement for 676 gold pieces
 22312 | Orc:2    | Bought a scroll of blinking for 97 gold pieces
 22312 | Orc:2    | Bought a scroll of summoning for 123 gold pieces
 22313 | Orc:2    | Acquired an uncursed staff of air
 22314 | Orc:2    | Acquired the ring "Lahuix" {+Inv rF+ rC++}
 22327 | Orc:2    | Bought a scroll of identify for 28 gold pieces
 22327 | Orc:2    | Bought a scroll of identify for 28 gold pieces
 22327 | Orc:2    | Bought a scroll of acquirement for 728 gold pieces
 22327 | Orc:2    | Bought a scroll of identify for 28 gold pieces
 22332 | Orc:2    | Bought a scroll of blinking for 105 gold pieces
 22334 | Orc:2    | Bought a scroll of identify for 26 gold pieces
 22336 | Orc:2    | Acquired 1055 gold pieces
 22593 | D:11     | Reached skill level 1 in Staves
 22636 | D:11     | Reached skill level 17 in Air Magic
 22719 | D:12     | Found a shadowy altar of Dithmenos.
 22727 | D:12     | Noticed Rupert
 22761 | D:12     | Killed Rupert
 23039 | D:12     | Identified the ring "Hugrautz" {+Inv rElec rC+ rN+ Str+4}
 24527 | D:14     | Found Efriu's Gadget Emporium.
 25085 | D:14     | Noticed Frances
 25132 | D:14     | Bought a tin of tremorstones (2/2) for 560 gold pieces
 25132 | D:14     | Bought a phantom mirror for 560 gold pieces
 25259 | D:14     | Killed Frances
 25554 | D:14     | Reached XP level 16. HP: 90/105 MP: 2/25
 25654 | D:14     | Found a gate to the Vaults.
 25703 | D:15     | Entered Level 15 of the Dungeon
 25810 | D:15     | Gained mutation: Scrolls take you a little longer to read.
                  | [a neqoxec]
 25944 | D:15     | Found an ornate altar of the Wu Jian Council.
 26031 | D:15     | Found a sacrificial altar of Ru.
 27022 | D:15     | Found an opulent altar of Gozag.
 27237 | D:15     | Reached skill level 5 in Staves
 27472 | D:15     | Found a staircase to the Depths.
 27789 | Spider:1 | Entered Level 1 of the Spider Nest
 27955 | Lair:3   | Mangled by a jumping spider

Illustrated notes

Levels and vault maps discovered:
D:1:      ncdulo_wetmaze, layout_basic
D:2:      layout_basic, minmay_misc_feat_cross
D:3:      layout_basic
D:4:      layout_loops_ring, lightli_temple_of_fire, uniq_crazy_yiuf_cottage
D:5:      layout_rooms, nicolae_overflow_hidden_temple
D:6:      layout_basic
D:7:      layout_rooms, general_overflow_altar, temple_hall, enter_ossuary_2,
          basic_altar
D:8:      layout_cave_pools, nemelex_xobeh_ov_fountains_minmay, lair_entry_dummy
D:9:      layout_roguey [special_room_orc], orc_0_dummy, gammafunk_ghost_hive,
          uniq_gastronok, uniq_joseph, uniq_maurice
D:10:     layout_rooms
D:11:     layout_basic
D:12:     layout_loops_ring, grunt_ministairs_15, grunt_dithmenos_smoke,
          uniq_rupert
D:13:     layout_basic
D:14:     layout_cave_pools, ximxim_vaults_locker_room, serial_shops, shop,
          dk_noncrumbling_4, serial_column_ruins, column_ruins_columns_straight,
          column_ruins_grid_1, column_ruins_open_tiny, column_ruins_open_small,
          column_ruins_columns_straight, column_ruins_open_small, uniq_frances
D:15:     gammafunk_enter_depths_forms, layout_layer_cave, basic_altar,
          nicolae_ru_awakened_eye, skrybe_limestone_x,
          nicolae_gozag_seed_capital
Temple:   minmay_crystal_spiral_temple
Lair:1:   layout_chaotic_city, portal_ice_cave_rime
Lair:2:   layout_long_grid, shoals_dummy_entry, basic_altar,
          gauntlet_entry_generic, grunt_megastairs_4
Lair:3:   layout_loops_ring, spider_nest_entry_a
Lair:4:   layout_cave_pods, serial_bayou_shore_b, grunt_megastairs_2,
          infiniplex_staircase_pool_2, lemuel_fruit_tree
Lair:5:   layout_long_grid, dpeg_slime_entry_enclosed_altar,
          serial_bayou_shore_a, minmay_lair_oklob_chamber,
          infiniplex_staircase_pool, grunt_megastairs_5
Lair:6:   guppyfry_lair_end_dragon, layout_loops_ring, hangedman_lair_in_review
Spider:1: layout_spider_delve, hangedman_spider_tarantella_strand
Orc:1:    layout_caves, nicolae_orc_flooded_monolith
Orc:2:    st_orc_pillars, layout_diamond_mine, serial_shops, shop

Skill      XL: |  1  2  3  4  5  6  7  8  9 10 11 12 13 14 15 16 |
---------------+-------------------------------------------------+-----
Conjurations   | 2 3 4 5 6 7 8 9 11 12 13 14 15 | 15.8
Fighting       | 1 2 3 4 5 7 8 10 11 12 13 14 | 14.0
Air Magic      | 5 6 7 8 10 12 13 14 15 16 17 | 17.7
Dodging        | 3 4 5 7 8 9 10 11 | 11.5
Spellcasting   | 3 4 5 6 |  6.0
Evocations     | 1 3 5 6 7 8 |  8.4
Throwing       | 2 3 |  3.0
Shields        | 3 5 6 |  6.6
Armour         | 2 |  2.0
Summonings     | 3 4 |  4.0
Staves         | 3 5 |  5.2
Stealth        | |  2.0

Action                   |  1- 3 |  4- 6 |  7- 9 | 10-12 | 13-15 | 16-18 || total
-------------------------+-------+-------+-------+-------+-------+-------++-------
Melee: Dagger            |    27 |     6 |    73 |       |       |       ||   106
       Kick              |     7 |     5 |    38 |    97 |   274 |    64 ||   485
       Peck              |     4 |     3 |    21 |    77 |   174 |    46 ||   325
       Short sword       |       |    13 |       |       |       |       ||    13
       Flail             |       |       |    32 |       |       |       ||    32
       Halberd           |       |       |    63 |   405 |   246 |       ||   714
       Morningstar       |       |       |       |       |   445 |       ||   445
       Staff             |       |       |       |       |   246 |   202 ||   448
Throw: Dart              |       |     6 |   109 |    48 |   160 |     2 ||   325
 Cast: Shock             |    45 |    90 |   125 |    56 |       |       ||   316
       Airstrike         |       |     1 |    25 |    74 |   184 |    29 ||   313
       Static Discharge  |       |       |     2 |       |       |       ||     2
       Lightning Bolt    |       |       |       |    29 |    87 |    14 ||   130
       Summon Lightning  |       |       |       |       |    47 |    31 ||    78
Invok: Potion Petition   |       |       |       |     2 |     1 |       ||     3
       Call Merchant     |       |       |       |     1 |     1 |       ||     2
 Abil: Fly               |       |     1 |       |       |     1 |       ||     2
       Stop Flying       |       |       |       |       |     1 |       ||     1
       Evoke Invisibilit |       |       |       |       |       |     1 ||     1
Evoke: Wand              |       |       |       |    17 |    12 |       ||    29
       Phial of floods   |       |       |       |     1 |       |       ||     1
       Box of beasts     |       |       |       |       |     2 |       ||     2
       Tin of tremorston |       |       |       |       |       |     2 ||     2
  Use: Scroll            |       |       |     7 |    13 |    22 |       ||    42
       Potion            |       |       |       |     4 |     2 |       ||     6
 Stab: Sleeping          |     4 |     1 |     5 |     3 |     1 |       ||    14
       Distracted        |       |     1 |       |     5 |     9 |     2 ||    17
       Invisible         |       |       |       |       |       |     1 ||     1
Armor: Robe              |    11 |     1 |     4 |    19 |    52 |    72 ||   159
       Leather armour    |       |    10 |    24 |   119 |   112 |       ||   265
       Ring mail         |       |       |     3 |       |   193 |       ||   196
       Skin              |       |       |       |    17 |       |       ||    17
Dodge: Dodged            |    28 |    43 |   165 |   497 |   987 |   243 ||  1963
Block: Kite shield       |       |       |       |       |    88 |    47 ||   135
       Buckler           |       |       |       |       |   213 |    69 ||   282
